 Dungeon Sprint DCSS version 0.31.0 (webtiles) character file.

Game seed: 10005817694938518079

2900000 thiscave3701365 the Intangible (level 22, 0/194 HPs)
             Began as a Djinni Warper on Jan 19, 2024.
             Was the Champion of Makhleb.
             Slain by a bag of meat
             ... wielding a +9 war axe
              (36 damage)
             ... in the Dungeon (Sprint VIII: "Arena of Blood").
             The game lasted 00:01:23 (29 turns).

thiscave3701365 the Intangible (Djinni Warper)        Turns: 29, Time: 00:01:24

Health: 0/194      AC:  6    Str: 18    XL:     22   Next: 24%
Gold:   0          EV: 27    Int: 16    God:    Makhleb [******] SH:  0 Dex: 15

rFire   + + .        i - +∞ Axe of Woe
rCold   x . .        (shield currently unavailable)
rNeg    . . .        b - +0 leather armour
rPois   ∞            (no helmet)
rElec   .            (no cloak)
rCorr   .            (no gloves)
SInv    .            (boots unavailable)
Will    ++...        (no amulet)
Stlth   ++++         (no ring)
HPRegen 0.52/turn    (no ring)
MPRegen 0.00/turn

%: no teleportation, infuse magic (-1 HP)
@: flying
A: sickness immunity, fire resistance 2, cold vulnerability 1, float, innate
caster, HP casting, extra vitality 1
a: Renounce Religion, Minor Destruction, Lesser Servant of Makhleb, Major
Destruction, Greater Servant of Makhleb


You were in the Dungeon.
You worshipped Makhleb.
Makhleb was exalted by your worship.
You visited 1 branch

Inventory:

Hand Weapons
 a - a +0 hand axe
 i - the +∞ Axe of Woe (weapon)
   (You found it in the Dungeon)
Missiles
 d - 7 darts of dispersal
Armour
 b - a +0 leather armour (worn)
Scrolls
 c - 2 scrolls of blinking
Potions
 e - a potion of curing
 f - a potion of heal wounds
 g - a potion of haste
 h - a potion of berserk rage


   Skills:
 O Level 27 Fighting
 + Level 8.1(9.6) Short Blades
 + Level 8.1(9.6) Long Blades
 O Level 27 Axes
 + Level 7.4(19.7) Maces & Flails
 + Level 7.4(19.7) Polearms
 + Level 8.1(10.9) Staves
 + Level 7.4 Ranged Weapons
 O Level 27 Throwing
 O Level 27 Armour
 O Level 27 Dodging
 + Level 8.1 Stealth
 + Level 8.9 Shields
 + Level 8.9 Unarmed Combat
 O Level 27 Spellcasting
 O Level 27 Conjurations
 O Level 27 Hexes
 O Level 27 Summonings
 O Level 27 Necromancy
 O Level 27 Translocations
 O Level 27 Fire Magic
 O Level 27 Ice Magic
 O Level 27 Air Magic
 O Level 27 Earth Magic
 O Level 27 Alchemy
 + Level 8.9 Invocations
 + Level 8.9 Evocations
 + Level 7.4 Shapeshifting


You knew the following spells:

 Your Spells              Type           Power      Damage    Failure   Level
a - Blink                 Tloc           100%       N/A       0%          2
b - Lesser Beckoning      Tloc           100%       N/A       0%          2
c - Teleport Other        Tloc           82%        N/A       0%          3
d - Manifold Assault      Tloc           82%        N/A       0%          4
e - Vhi's Electric Charg  Tloc/Air       100%       N/A       0%          4
f - Summon Small Mammal   Summ           100%       N/A       0%          1
g - Jinxbite              Hex            100%       N/A       0%          2
h - Swiftness             Air            82%        N/A       0%          3
i - Inner Flame           Hex/Fire       82%        N/A       0%          3
j - Ignite Poison         Fire/Alch      82%        N/A       0%          4
k - Yara's Violent Unrav  Hex/Alch       41%        3d16      0%          5
l - Sculpt Simulacrum     Ice/Alch       41%        N/A       0%          6
m - Summon Cactus Giant   Summ           41%        N/A       0%          6
n - Enfeeble              Hex            41%        N/A       1%          7
o - Maxwell's Capacitive  Air            41%        ∞         1%          8
Your spell library was empty.

Dungeon Overview and Level Annotations

Branches:
Dungeon (1/1)

Altars:
Makhleb


Innate Abilities, Weirdness & Mutations

You are immune to sickness and miasma.
You are immune to poison.
Your flesh is very heat resistant. (rF++)
You are vulnerable to cold. (rC-)
You float through the air rather than walking.
You learn spells naturally, not from books.
Your magical power is your life essence.
You have superior vitality. (+4 MHP)


Message History

You kill the bag of meat!
Makhleb accepts your kill.
The large bag of meat explodes!
The fiery explosion engulfs you! You resist.
The fiery explosion engulfs the bag of meat!!
You are engulfed in blazing flames.
You resist.
You hear a shout! x4; You hear a roar!
A large bag of meat comes into view. It is wielding a +9 giant spiked club.
A bag of meat comes into view. It is wielding a +9 war axe.
The bag of meat is engulfed in blazing flames.
Your base Short Blades skill gained 8 levels and is now at level 8!
Your base Long Blades skill gained 8 levels and is now at level 8!
Your base Maces & Flails skill gained 7 levels and is now at level 7!
Your base Polearms skill gained 7 levels and is now at level 7!
Your base Staves skill gained 8 levels and is now at level 8!
Your Ranged Weapons skill gained 7 levels and is now at level 7!
Your Stealth skill gained 8 levels and is now at level 8!
Your Shields skill gained 8 levels and is now at level 8!
Your Unarmed Combat skill gained 8 levels and is now at level 8!
Your Invocations skill gained 8 levels and is now at level 8!
Your Evocations skill gained 8 levels and is now at level 8!
Your Shapeshifting skill gained 7 levels and is now at level 7!
You have reached level 22!
Unknown command.
Unknown command.
A large bag of meat and 2 bags of meat come into view.
The sculptor of flesh appears out of thin air!
A sculptor of flesh comes into view. It is wielding a +9 great sword.
The bag of meat shouts! x2
The meat berserker hits you with a +9 battleaxe!!!!
The meat berserker hits you with a +9 battleaxe!!!
* * * LOW HITPOINT WARNING * * *
A meat berserker comes into view. It is wielding a +9 battleaxe.
The destroyer hits you with a +9 heavy great sword!
* * * LOW HITPOINT WARNING * * *
The destroyer bites you.
* * * LOW HITPOINT WARNING * * *
A bag of meat comes into view. It is wielding a +9 war axe.
The bag of meat hits you with a +9 war axe!!!
You die...

....._.........
.. #.....#.o.o..
....#_.<._#..o..§
...O#..)..#.o..o.
......._))).o.o..
......###.)......
.###...)OOO###...
#..oO§o§#
#...V@O§#
.......Vo......
.....o...oo...#
............O#.
..........O##o.
.#.....z..#o .o
.....o..O.#.o
##.#O..o... ..


You could see 2 destroyers, a sculptor of flesh, 2 large bags of meat, 8 meat
berserkers and 18 bags of meat.

Vanquished Creatures
  A vampire knight (D)
  12 ogres (D)
  A two-headed ogre (D)
  25 orcs (D)
39 creatures vanquished.

Notes
Turn   | Place    | Note
-------+----------+-------------------------------------------
     0 | D        | Found the +∞ Axe of Woe
     0 | D        | thiscave3701365 the Djinni Warper began the quest for the
                  | Orb.
     0 | D        | thiscave3701365 set off with the following spells
                  | memorised: Blink, Lesser Beckoning, Teleport Other,
                  | Manifold Assault, Vhi's Electric Charge.
     0 | D        | Reached XP level 1. HP: 18/18 MP: 0/0
     2 | D        | Noticed a bag of meat
     3 | D        | Noticed a meat berserker
     4 | D        | Became a worshipper of Makhleb the Destroyer
     4 | D        | Noticed a bag of meat
     6 | D        | Killed a meat berserker
     6 | D        | Noticed a bag of meat
     6 | D        | Noticed a bag of meat
     6 | D        | Noticed a bag of meat
     7 | D        | Reached skill level 5 in Armour
     7 | D        | Reached XP level 2. HP: 45/45 MP: 0/0
     7 | D        | Reached XP level 3. HP: 50/50 MP: 0/0
     7 | D        | Learned a level 1 spell: Summon Small Mammal
     7 | D        | Reached XP level 4. HP: 57/57 MP: 0/0
     7 | D        | Reached XP level 5. HP: 62/62 MP: 0/0
     7 | D        | Learned a level 2 spell: Jinxbite
     7 | D        | Reached XP level 6. HP: 69/69 MP: 0/0
     7 | D        | Reached XP level 7. HP: 75/75 MP: 0/0
     7 | D        | Learned a level 3 spell: Swiftness
     7 | D        | Reached XP level 8. HP: 81/81 MP: 0/0
     7 | D        | Reached XP level 9. HP: 86/86 MP: 0/0
     7 | D        | Learned a level 3 spell: Inner Flame
     7 | D        | Reached XP level 10. HP: 93/93 MP: 0/0
     7 | D        | Reached XP level 11. HP: 99/99 MP: 0/0
     7 | D        | Learned a level 4 spell: Ignite Poison
     7 | D        | Reached XP level 12. HP: 105/105 MP: 0/0
     7 | D        | Noticed a bag of meat
     8 | D        | Killed a bag of meat
     8 | D        | Reached * piety under Makhleb
     8 | D        | Noticed a bag of meat
     9 | D        | Reached skill level 5 in Throwing
     9 | D        | Reached XP level 13. HP: 113/113 MP: 0/0
     9 | D        | Learned a level 5 spell: Yara's Violent Unravelling
     9 | D        | Killed a bag of meat
     9 | D        | Noticed a bag of meat
    10 | D        | Noticed a meat berserker
    10 | D        | Noticed a meat berserker
    10 | D        | Noticed a bag of meat
    11 | D        | Noticed a meat berserker
    11 | D        | Noticed a meat berserker
    11 | D        | Noticed a bag of meat
    11 | D        | Noticed a bag of meat
    11 | D        | Noticed a bag of meat
    11 | D        | Noticed a bag of meat
    12 | D        | Killed a bag of meat
    12 | D        | Noticed a bag of meat
    12 | D        | Noticed a bag of meat
    13 | D        | Reached XP level 14. HP: 124/124 MP: 0/0
    13 | D        | Killed a bag of meat
    13 | D        | Reached ** piety under Makhleb
    13 | D        | Killed a bag of meat
    13 | D        | Noticed a bag of meat
    13 | D        | Noticed a bag of meat
    13 | D        | Noticed a bag of meat
    13 | D        | Noticed a meat berserker
    14 | D        | Killed a bag of meat
    14 | D        | Killed a bag of meat
    14 | D        | Reached *** piety under Makhleb
    14 | D        | Killed a meat berserker
    15 | D        | Reached XP level 15. HP: 139/139 MP: 0/0
    15 | D        | Learned a level 6 spell: Sculpt Simulacrum
    15 | D        | Killed a meat berserker
    15 | D        | Killed a meat berserker
    15 | D        | Reached **** piety under Makhleb
    15 | D        | Noticed a meat berserker
    16 | D        | Reached skill level 27 in Dodging
    16 | D        | Reached XP level 16. HP: 153/153 MP: 0/0
    16 | D        | Killed a meat berserker
    17 | D        | Reached skill level 27 in Fighting
    17 | D        | Reached skill level 10 in Armour
    17 | D        | Reached XP level 17. HP: 160/160 MP: 0/0
    17 | D        | Learned a level 6 spell: Summon Cactus Giant
    18 | D        | Reached skill level 27 in Axes
    18 | D        | Killed a meat berserker
    18 | D        | Reached ***** piety under Makhleb
    18 | D        | Noticed a destroyer
    18 | D        | Noticed a destroyer
    18 | D        | Noticed a meat berserker
    19 | D        | Reached skill level 15 in Armour
    19 | D        | Noticed a meat berserker
    20 | D        | Reached XP level 18. HP: 167/167 MP: 0/0
    20 | D        | Killed a destroyer
    20 | D        | Noticed a meat berserker
    21 | D        | Reached skill level 15 in Spellcasting
    21 | D        | Reached skill level 15 in Conjurations
    21 | D        | Reached skill level 15 in Hexes
    21 | D        | Reached skill level 15 in Summonings
    21 | D        | Reached skill level 15 in Necromancy
    21 | D        | Reached skill level 15 in Translocations
    21 | D        | Reached skill level 15 in Fire Magic
    21 | D        | Reached skill level 15 in Ice Magic
    21 | D        | Reached skill level 15 in Air Magic
    21 | D        | Reached skill level 15 in Earth Magic
    21 | D        | Reached skill level 15 in Alchemy
    21 | D        | Reached XP level 19. HP: 174/174 MP: 0/0
    21 | D        | Learned a level 7 spell: Enfeeble
    21 | D        | Noticed a meat berserker
    21 | D        | Noticed a meat berserker
    22 | D        | Killed a meat berserker
    22 | D        | Reached ****** piety under Makhleb
    23 | D        | Noticed a meat berserker
    23 | D        | Noticed a meat berserker
    23 | D        | Noticed a meat berserker
    24 | D        | Reached XP level 20. HP: 181/181 MP: 0/0
    24 | D        | Killed a meat berserker
    25 | D        | Reached skill level 27 in Armour
    25 | D        | Noticed a meat berserker
    25 | D        | Noticed a large bag of meat
    26 | D        | Killed a meat berserker
    26 | D        | Noticed a meat berserker
    27 | D        | Reached skill level 27 in Throwing
    27 | D        | Reached XP level 21. HP: 187/187 MP: 0/0
    27 | D        | Learned a level 8 spell: Maxwell's Capacitive Coupling
    27 | D        | Killed a meat berserker
    27 | D        | Killed a meat berserker
    27 | D        | Noticed a meat berserker
    27 | D        | Noticed a meat berserker
    28 | D        | Reached skill level 27 in Spellcasting
    28 | D        | Reached skill level 27 in Conjurations
    28 | D        | Reached skill level 27 in Hexes
    28 | D        | Reached skill level 27 in Summonings
    28 | D        | Reached skill level 27 in Necromancy
    28 | D        | Reached skill level 27 in Translocations
    28 | D        | Reached skill level 27 in Fire Magic
    28 | D        | Reached skill level 27 in Ice Magic
    28 | D        | Reached skill level 27 in Air Magic
    28 | D        | Reached skill level 27 in Earth Magic
    28 | D        | Reached skill level 27 in Alchemy
    28 | D        | Noticed a destroyer
    28 | D        | Killed a meat berserker
    28 | D        | Killed a large bag of meat
    28 | D        | Noticed a large bag of meat
    29 | D        | Reached XP level 22. HP: 178/194 MP: 0/0
    29 | D        | Noticed a large bag of meat
    29 | D        | Noticed a meat berserker
    29 | D        | Slain by a bag of meat

Illustrated notes

Levels and vault maps discovered:
D:        meatsprint

Skill      XL: |  1  2  3  4  5  6  7  8  9 10 11 12 13 14 15 16 17 18 19 20 21 |
---------------+----------------------------------------------------------------+-----
Fighting       | 16 18 19 23 26 27 | 27.0
Axes           | 14 16 18 22 24 25 27 | 27.0
Throwing       | 4 5 7 8 9 16 19 22 27 | 27.0
Armour         | 5 6 7 8 9 10 19 21 26 27 | 27.0
Dodging        | 18 19 21 25 27 | 27.0
Spellcasting   | 12 15 20 26 27 | 27.0
Conjurations   | 12 15 20 26 27 | 27.0
Hexes          | 12 15 20 26 27 | 27.0
Summonings     | 12 15 20 26 27 | 27.0
Necromancy     | 12 15 20 26 27 | 27.0
Translocations | 12 15 20 26 27 | 27.0
Fire Magic     | 12 15 20 26 27 | 27.0
Ice Magic      | 12 15 20 26 27 | 27.0
Air Magic      | 12 15 20 26 27 | 27.0
Earth Magic    | 12 15 20 26 27 | 27.0
Alchemy        | 12 15 20 26 27 | 27.0
Short Blades   | 8 |  8.1
Long Blades    | 8 |  8.1
Maces & Flails | 7 |  7.4
Polearms       | 7 |  7.4
Staves         | 8 |  8.1
Ranged Weapons | 7 |  7.4
Stealth        | 8 |  8.1
Shields        | 8 |  8.9
Unarmed Combat | 8 |  8.9
Invocations    | 8 |  8.9
Evocations     | 8 |  8.9
Shapeshifting  | 7 |  7.4

Action                     |  1- 3 |  4- 6 |  7- 9 | 10-12 | 13-15 | 16-18 | 19-21 | 22-24 || total
---------------------------+-------+-------+-------+-------+-------+-------+-------+-------++-------
  Melee: Executioner's axe |     1 |       |       |     1 |     5 |     5 |     6 |       ||    18
 Armour: Leather armour    |       |       |       |       |       |       |     4 |     5 ||     9
  Dodge: Dodged            |       |       |       |       |       |       |     1 |       ||     1
